 Dungeon Crawl Stone Soup version 0.17-a0-1382-gc46a074 (webtiles) character file.

176480 xgamer67 the Devastator (level 17, -1/128 HPs)
             Began as a Yellow Draconian Fire Elementalist on June 14, 2015.
             Was the Champion of Kikubaaqudgha.
             Succumbed to a hornet's poison
             ... while paralysed by a hornet
             ... on level 2 of the Swamp on June 15, 2015.
             The game lasted 04:23:38 (51012 turns).

xgamer67 the Devastator (DrFE)                     Turns: 51012, Time: 04:23:38

Health: -1/128     AC: 23    Str: 21    XL:     17   Next: 51%
Magic:  21/33      EV:  2    Int: 33    God:    Kikubaaqudgha [******]
Gold:   2788       SH:  0    Dex: 13    Spells: 12 memorised, 1 level left

rFire  . . .     SeeInvis .     a - +8 mace of Propriety {freeze, *Noise *Drain Str+8}
rCold  . . .     Clarity  .     (armour unavailable)
rNeg   . . .     SustAt   .     K - +5 shield {reflect}
rPois  .         Gourm    .     C - +0 hat
rElec  .         Spirit   .     G - +2 cloak of Responsibility {Str+3}
rCorr  +         Warding  .     (no gloves)
rMut   +         Stasis   .     U - +2 pair of boots
MR     +....                    c - amulet of resist mutation
Stlth  ++........               A - ring "Lyrr" {+Fly Int+11 Slay+6}
                                R - ring of Robustness {AC+8}

@: paralysed, lethally poisoned (-1 -> -90), grasped by roots, slowed, repel
missiles, very slow, somewhat resistant to hostile enchantments, unstealthy
A: spit acid, acid resistance, unfitting armour, acidic bite, cold-blooded, AC
+9
a: Spit Acid, Receive Corpses, Torment, Renounce Religion, Evoke Flight


You were on level 2 of the Swamp.
You worshipped Kikubaaqudgha.
Kikubaaqudgha was exalted by your worship.
You were hungry.

You visited 7 branches of the dungeon, and saw 35 of its levels.
You also visited: Labyrinth.

You collected 3384 gold pieces.
You spent 596 gold pieces at shops.

Inventory:

Hand weapons
 a - the +8 mace of Propriety (weapon) {freeze, *Noise *Drain Str+8}
   (You found it on level 2 of the Lair of Beasts)

   It has been specially enchanted to freeze those struck by it, causing extra
   injury to most foes and up to half again as much damage against particularly
   susceptible opponents.
   It can also slow down cold-blooded creatures.
   It affects your strength (+8).
   It may make noises in combat.
   It causes draining when unequipped.
 F - a +0 blowgun
Missiles
 e - 14 curare-tipped needles
Armour
 i - the +2 cloak of the Thief {+Fog Slay-2 SInv Stlth+}
   (You found it on level 4 of the Dungeon)

   It affects your accuracy and damage with ranged weapons and melee attacks
   (-2).
   It lets you see invisible.
   It can be evoked to emit clouds of fog.
   It makes you more stealthy.
 C - a +0 hat (worn)
 G - the +2 cloak of Responsibility (worn) {Str+3}
   (You found it on level 15 of the Dungeon)

   It affects your strength (+3).
 K - a +5 shield of reflection (worn)
 U - a +2 pair of boots (worn)
Jewellery
 c - an amulet of resist mutation (around neck)
 A - the ring "Lyrr" (right hand) {+Fly Int+11 Slay+6}
   (You took it off a kobold demonologist on level 15 of the Dungeon)

   [ring of flight]

   It affects your intelligence (+11).
   It affects your accuracy and damage with ranged weapons and melee attacks
   (+6).
   It lets you fly.
 I - the ring of Fitas {+Fly rElec rPois rC- rN+++}
   (You found it on level 7 of the Lair of Beasts)

   [ring of flight]

   It makes you vulnerable to cold.
   It insulates you from electricity.
   It protects you from poison.
   It renders you almost immune to negative energy.
   It lets you fly.
 N - the ring of Sloth {rC+++ Str-5 Int+3 Dex+2 Stlth+}
   (You took it off a boggart on level 15 of the Dungeon)

   [ring of stealth]

   It affects your strength (-5).
   It affects your intelligence (+3).
   It affects your dexterity (+2).
   It renders you almost immune to cold.
   It makes you more stealthy.
 Q - an uncursed ring of protection from fire
 R - the ring of Robustness (left hand) {AC+8}
   (You took it off an orc warrior on level 7 of the Dungeon)

   [ring of protection]

   It affects your AC (+8).
Magical devices
 k - a wand of teleportation (4)
 q - a wand of digging (10)
 r - a wand of hasting (2)
 s - a wand of polymorph (15)
 P - a wand of disintegration (12)
 W - a wand of invisibility (4)
Scrolls
 d - 4 scrolls of teleportation
 g - 2 scrolls of silence
 m - 9 scrolls of fog
 v - a scroll of holy word
 w - 15 scrolls of remove curse
 y - a scroll of recharging
 J - 4 scrolls of amnesia
 L - 3 scrolls of magic mapping
 O - a scroll of summoning
Potions
 h - 4 potions of heal wounds
 n - 12 potions of curing
 o - 6 potions of magic
 p - 5 potions of flight
 u - 3 potions of resistance
 z - 4 potions of brilliance
 B - 5 potions of agility
 E - a potion of invisibility
 H - 3 potions of berserk rage
 M - 3 potions of might
 S - 2 potions of cancellation
 T - a potion of haste
Books
 D - a book of Clouds

   Spells                             Type                      Level
   a - Mephitic Cloud                 Conjuration/Poison/Air       3
   b - Conjure Flame                  Conjuration/Fire             3
   c - Poisonous Cloud                Conjuration/Poison/Air       6
   d - Freezing Cloud                 Conjuration/Ice/Air          6
   e - Ring of Flames                 Charms/Fire                  7
 X - a Necronomicon

   Spells                             Type                      Level
   a - Haunt                          Necromancy/Summoning         7
   b - Borgnjor's Revivification      Necromancy                   8
   c - Death's Door                   Charms/Necromancy            8
   d - Necromutation                  Transmutation/Necromancy     8
 Y - Kikubaaqudgha's Papyrus of Unholy Rituals
   (Kikubaaqudgha gifted it to you on level 10 of the Dungeon)

   Spells                             Type                      Level
   a - Animate Dead                   Necromancy                   4
   b - Excruciating Wounds            Charms/Necromancy            5
   c - Bolt of Draining               Conjuration/Necromancy       5
   d - Cigotuvi's Embrace             Necromancy                   5
   e - Dispel Undead                  Necromancy                   5
Miscellaneous
 j - a phial of floods
 x - a box of beasts
 V - a phial of floods
Comestibles
 b - a bread ration
 f - 36 fruits
 l - 17 meat rations


   Skills:
 - Level 6.0 Fighting
 + Level 10.2 Maces & Flails
 - Level 12.0 Dodging
 - Level 1.7 Stealth
 - Level 10.0 Shields
 - Level 12.0 Spellcasting
 + Level 15.8 Conjurations
 - Level 7.0 Charms
 - Level 10.0 Necromancy
 - Level 10.0 Fire Magic


You had one spell level left.
You knew the following spells:

 Your Spells              Type           Power        Failure   Level  Hunger
a - Throw Flame           Conj/Fire      ######       1%          2    None
b - Bolt of Draining      Conj/Necr      #######...   1%          5    #......
c - Repel Missiles        Chrm/Air       #####.       1%          2    None
d - Sublimation of Blood  Necr           ######....   1%          2    None
e - Sticky Flame          Conj/Fire      #######.     1%          4    None
f - Vampiric Draining     Necr           ######....   1%          3    None
g - Fireball              Conj/Fire      #######...   1%          5    #......
h - Dispel Undead         Necr           ######..     1%          5    #......
i - Swiftness             Chrm/Air       #####...     1%          2    None
j - Summon Butterflies    Summ           ###.....     4%          1    None
k - Regeneration          Chrm/Necr      ######....   1%          3    None
l - Cigotuvi's Embrace    Necr           ######....   1%          5    #......


Dungeon Overview and Level Annotations

Branches:
Dungeon (15/15)            Temple (1/1) D:5            Lair (8/8) D:11
  Swamp (3/4) Lair:6       Spider (3/4) Lair:3        Slime (0/6) Lair:7
    Orc (4/4) D:11            Elf (0/3) Orc:3        Vaults (0/5) D:14
 Depths (1/5) D:15

Altars:
Ashenzari
Cheibriados
Dithmenos
Elyvilon
Fedhas
Gozag
Kikubaaqudgha
Makhleb
Nemelex Xobeh
Okawaru
Qazlal
Ru
Sif Muna
Trog
Vehumet
Xom
Yredelemnul
Zin
The Shining One
Beogh
Jiyva
Lugonu

Shops:
Orc:4 *((:

Portals:
Hell: Depths:1
Trove: D:11 (give horn of Geryon)

Annotations:
Lair:7 Nessos
Spider:2 exclusion: Roxanne, Roxanne
Spider:3 Jorgrun
Depths:1 exclusion: fire giant


Innate Abilities, Weirdness & Mutations

You can spit globs of acid.
You are resistant to acid.
Your golden yellow scales are hard (AC +9).
Your body does not fit into most forms of armour.
You have acidic saliva.
You are cold-blooded and may be slowed by cold attacks.


Message History

The hornet stings you but does no damage. x3
The shambling mangrove hits you but does no damage.
You feel very sick.
The shambling mangrove burns!
Tangled roots snake along the ground.
The hornet stings you.
* * * LOW HITPOINT WARNING * * *
You are more poisoned.
You feel as though you will be slow longer.
The hornet stings you!
* * * LOW HITPOINT WARNING * * *
You are more poisoned.
You feel as though you will be slow longer.
The hornet stings you but does no damage.
The hornet stings you!!
* * * LOW HITPOINT WARNING * * *
You are more poisoned.
You feel as though you will be slow longer.
You die...
Kikubaaqudgha rasps: "You have failed me!
Welcome... death!"

≈.≈≈≈≈.♣♣♣♣♣...≈....≈≈≈≈.♣
≈≈≈≈≈≈..≈≈♣♣..♣.....§≈≈≈.♣
≈≈≈≈≈§..≈≈...>...♣..≈≈≈.♣♣
≈≈≈≈≈≈≈.≈≈.....≈≈≈≈≈≈≈≈.♣♣♣
≈≈≈≈≈≈≈........≈≈≈≈≈≈≈≈≈.≈♣
..≈≈≈≈≈≈≈≈...≈≈...≈≈≈≈≈≈≈♣♣
♣.≈≈≈≈≈≈.....≈....≈≈≈≈≈≈.♣
♣.§≈.........≈...y≈≈≈≈§.♣♣♣♣♣♣
.≈.≈....≈♣♣.≈...@f≈≈≈≈..♣♣.≈.♣
≈≈...≈≈≈.♣♣.≈.≈.yy§≈≈≈..♣≈≈≈.♣
≈≈.≈.≈≈≈≈.♣≈.≈♣♣♣♣<≈≈≈≈.≈.≈≈.♣♣
≈....≈≈≈.≈♣..♣♣ ♣.≈≈≈≈.♣≈.≈≈.♣
≈≈..≈≈≈.≈....♣ ♣.....♣♣♣.≈≈.♣
≈≈..≈≈≈.♣.≈.♣♣ ♣♣♣♣♣♣♣ ♣.≈.♣♣
≈......♣♣..♣♣ ♣.≈≈♣
≈♣≈..≈♣♣♣♣♣♣ ♣♣♣♣♣ ≈§≈≈.♣♣


You could see a shambling mangrove (burning) and 3 hornets.

Vanquished Creatures
  Kirke (D:14)
  A thorn hunter (Swamp:3)
  A fire giant (D:15)
  Donald (Orc:4)
  Maud (D:13)
  A ghost moth (Spider:1)
  Louise (Swamp:1)
  An emperor scorpion (Lair:3)
  An orc warlord (Orc:4)
  A vampire knight (D:15)
  A dire elephant (Lair:8)
  Snorg (Lair:3)
  A minotaur (Lab)
  2 ettins
  5 vault guards
  A yaktaur captain (D:15)
  15 hydras
  Harold (Lair:4)
  An entropy weaver (Spider:1)
  2 catoblepae
  2 ogre magi (D:15)
  3 deep troll shamans
  An alligator (Swamp:2)
  7 centaur warriors
  6 orc high priests (Orc:4)
  2 spriggans
  8 death yaks
  Urug (Orc:3)
  A tengu warrior (D:14)
  Nergalle (Orc:3)
  The ghost of Fluffy the Basher, an experienced GrFi of Okawaru (D:9)
  2 spriggan druids
  3 unseen horrors
  3 shambling mangroves
  7 hill giants
  4 orc knights
  A wolf spider zombie (D:15)
  A phantasmal warrior (D:15)
  A necromancer (D:15)
  7 ugly things
  A water nymph (shapeshifter) (D:14)
  15 wolf spiders
  A moth of wrath (Spider:1)
  4 hornets
  7 orc sorcerers (Orc:4)
  9 orb spiders
  4 manticores
  5 centaur zombies
  6 griffons
  5 elephants
  2 cyclopes
  The ghost of North the Slasher, an experienced MiGl of the Shining One (D:6)
  3 black mambas
  11 centaur skeletons
  19 spiny frogs
  The ghost of Aesgard the Fighter, an experienced GrFi of Qazlal (D:8)
  A komodo dragon (shapeshifter) (D:13)
  4 komodo dragons
  3 demonic crawlers
  4 kobold demonologists
  A fire drake (Lair:4)
  12 jumping spiders
  12 trolls
  2 freezing wraiths (D:15)
  A harpy zombie (D:15)
  6 tengu conjurers
  2 polar bears (Lair:8)
  A polar bear (shapeshifter) (D:14)
  5 giant leeches (Swamp:1)
  6 two-headed ogres
  9 slime creatures
  A boulder beetle (D:15)
  7 bog bodies
  18 blink frogs
  11 tarantellas
  7 trapdoor spiders
  9 hippogriffs
  4 wraiths
  3 shadows
  A golden eye (shapeshifter) (D:14)
  7 deep elf magi
  8 wyverns
  29 redbacks
  2 basilisks
  2 hogs (D:14)
  14 wolves
  34 yaks
  A deep elf fighter (D:15)
  33 swamp worms
  2 mottled dragons
  A hungry ghost (D:7)
  A soldier ant (D:15)
  10 wargs
  5 vampire mosquitoes
  7 swamp drakes
  18 water moccasins
  15 porcupines
  12 ice beasts
  A black bear (Lair:8)
  24 spiders
  3 phantoms
  56 orc warriors
  12 wasps
  6 sky beasts
  2 eyes of draining
  13 crocodiles
  13 ogres
  12 centaurs
  5 boggarts (D:15)
  2 brain worms
  11 big kobolds
  23 giant frogs
  2 wyvern zombies
  A gnoll sergeant (D:9)
  A water moccasin skeleton (D:6)
  10 killer bees (D:13)
  10 wights
  An electric eel (Lair:7)
  6 crimson imps
  36 orc priests
  A quasit (D:11)
  4 hounds
  Crazy Yiuf (D:5)
  4 iguanas
  4 jellies
  25 orc wizards
  Jessica (D:3)
  2 giant frog skeletons
  8 worker ants
  11 sheep
  3 hound skeletons
  3 gnolls (D:9)
  8 adders
  79 river rats
  6 shadow imps
  4 giant eyeballs (D:15)
  A white imp (Depths:1)
  2 adder skeletons (D:5)
  9 worms
  291 orcs
  3 ball pythons
  A bat zombie (D:7)
  6 giant cockroaches
  18 hobgoblins
  8 jackals
  50 kobolds
  10 quokkas
  12 bats
  A giant gecko (D:2)
  2 giant newts (D:3)
  29 goblins
  14 rats
1398 creatures vanquished.

Vanquished Creatures (collateral kills)
  An orc (D:11)
1 creature vanquished.

Vanquished Creatures (others)
  An orc knight (D:15)
  2 ugly things (Swamp:3)
  A demonic crawler (Spider:2)
  A spider (Spider:3)
  3 briar patches (Swamp:3)
  14 fungi
  3 plants
25 creatures vanquished.

Grand Total: 1424 creatures vanquished

Notes
Turn   | Place    | Note
--------------------------------------------------------------
     0 | D:1      | xgamer67 the Draconian Fire Elementalist began the quest for the Orb.
     0 | D:1      | Reached XP level 1. HP: 14/14 MP: 3/3
   347 | D:1      | Reached XP level 2. HP: 20/20 MP: 1/5
   351 | D:1      | Learned a level 2 spell: Throw Flame
   982 | D:2      | Reached XP level 3. HP: 26/26 MP: 4/6
   995 | D:2      | You fall through a shaft for 2 floors!
  1083 | D:3      | Found a shattered altar of Ashenzari.
  1083 | D:3      | Found a blossoming altar of Fedhas.
  1083 | D:3      | Found a sacrificial altar of Ru.
  1083 | D:3      | Found an ancient bone altar of Kikubaaqudgha.
  1086 | D:3      | Found a stormy altar of Qazlal.
  1099 | D:3      | Became a worshipper of Kikubaaqudgha
  1188 | D:4      | Reached XP level 4. HP: 16/33 MP: 3/7
  1338 | D:4      | Upgraded the game from 0.17-a0-1378-g281efdd to 0.17-a0-1382-gc46a074
  1397 | D:4      | Found a stormy altar of Qazlal.
  1445 | D:3      | Reached skill level 4 in Conjurations
  1641 | D:3      | Learned a level 3 spell: Conjure Flame
  2071 | D:3      | Noticed Jessica
  2173 | D:3      | Killed Jessica
  2173 | D:3      | Reached XP level 5. HP: 38/38 MP: 4/8
  2265 | D:2      | Reached skill level 5 in Conjurations
  2513 | D:2      | Acquired Kikubaaqudgha's first power
  2513 | D:2      | Received a gift from Kikubaaqudgha
  2516 | D:2      | Identified Kikubaaqudgha's Disquisition on Dark Rituals (Kikubaaqudgha gifted it to you on level 2 of the Dungeon)
  2893 | D:3      | Found a faded altar to an unknown god.
  3414 | D:5      | Entered Level 5 of the Dungeon
  3590 | D:5      | Noticed a centaur
  3684 | D:5      | Noticed a centaur
  3994 | D:5      | Found a staircase to the Ecumenical Temple.
  4050 | D:5      | Noticed Crazy Yiuf
  4074 | D:5      | Killed Crazy Yiuf
  4074 | D:5      | Reached XP level 6. HP: 45/45 MP: 0/10
  4530 | D:5      | Learned a level 2 spell: Sublimation of Blood
  4607 | D:6      | Found a basalt altar of Yredelemnul.
  4909 | D:6      | Noticed North's ghost (experienced MiGl)
  4988 | D:6      | Killed North's ghost
  4988 | D:6      | Reached skill level 7 in Conjurations
  4988 | D:6      | Your scales start taking on a golden yellow colour.
  4988 | D:6      | Reached XP level 7. HP: 43/50 MP: 2/11
  4994 | D:6      | Learned a level 4 spell: Sticky Flame
  5494 | D:7      | Noticed a hungry ghost
  5550 | D:7      | Found a blossoming altar of Fedhas.
  5721 | D:7      | Killed a hungry ghost
  5982 | D:7      | Found a bloodstained altar of Trog.
  5988 | D:7      | Reached skill level 8 in Conjurations
  5988 | D:7      | Reached skill level 5 in Fire Magic
  5988 | D:7      | Reached XP level 8. HP: 57/57 MP: 7/12
  6031 | D:8      | Noticed Aesgard's ghost (experienced GrFi)
  6311 | D:8      | Reached skill level 1 in Necromancy
  6482 | D:8      | Killed Aesgard's ghost
  6482 | D:8      | Reached skill level 5 in Spellcasting
  6985 | D:7      | Reached XP level 9. HP: 62/62 MP: 0/17
  7154 | D:7      | Acquired Kikubaaqudgha's second power
  7726 | D:9      | Noticed Fluffy's ghost (experienced GrFi)
  7977 | D:8      | Learned a level 3 spell: Vampiric Draining
  9197 | D:10     | Entered Level 10 of the Dungeon
  9221 | D:10     | Reached skill level 9 in Conjurations
  9240 | D:10     | Learned a level 5 spell: Fireball
  9296 | D:10     | Reached skill level 5 in Necromancy
  9595 | D:10     | HP: 3/62 [poisoned by a kobold]
  9603 | D:10     | HP: 3/62 [poisoned by a kobold]
  9611 | D:10     | HP: 2/62 [poisoned by a kobold]
 10056 | D:10     | Noticed a hill giant
 10067 | D:10     | Killed a hill giant
 10067 | D:10     | Received a gift from Kikubaaqudgha
 10067 | D:10     | Reached XP level 10. HP: 31/69 MP: 0/19
 10068 | D:10     | Identified Kikubaaqudgha's Papyrus of Unholy Rituals (Kikubaaqudgha gifted it to you on level 10 of the Dungeon)
 10162 | D:10     | Reached skill level 10 in Conjurations
 10282 | D:10     | Noticed a centaur zombie
 10294 | D:10     | Killed a centaur zombie
 10528 | D:10     | Reached skill level 1 in Shields
 10638 | D:10     | Noticed a two-headed hydra
 10662 | D:10     | Killed a two-headed hydra
 10896 | D:10     | Reached skill level 1 in Fighting
 11093 | D:11     | Got a sparkling tin ring
 11095 | D:11     | Identified the ring of Hiyvoz {Ice Dex+4} (You found it on level 11 of the Dungeon)
 11337 | D:11     | Noticed a hill giant
 11427 | D:10     | Noticed a hill giant
 11594 | D:11     | Reached skill level 5 in Dodging
 11594 | D:11     | Reached XP level 11. HP: 75/82 MP: 13/21
 11600 | D:11     | Reached XP level 12. HP: 82/89 MP: 14/24
 11691 | D:11     | Noticed an orc knight
 11715 | D:11     | Killed an orc knight
 11715 | D:11     | Reached skill level 11 in Conjurations
 11831 | D:11     | Noticed a five-headed hydra
 11869 | D:11     | Acquired Kikubaaqudgha's third power
 11886 | D:11     | Found a staircase to the Lair.
 11934 | D:11     | Killed a five-headed hydra
 12527 | D:11     | Noticed a vault guard
 12542 | D:11     | Killed a vault guard
 12612 | D:11     | Found a portal to a secret trove of treasure.
 12826 | D:11     | Found a staircase to the Orcish Mines.
 12922 | D:11     | Learned a level 4 spell: Animate Dead
 12984 | Lair:1   | Entered Level 1 of the Lair of Beasts
 12993 | Lair:1   | Reached skill level 10 in Fire Magic
 13682 | Lair:1   | Noticed a four-headed hydra
 13697 | Lair:1   | Killed a four-headed hydra
 14089 | Lair:2   | Reached skill level 12 in Conjurations
 14206 | Lair:2   | Got an encrusted mace
 14207 | Lair:2   | Identified the +8 mace of Propriety {freeze, *Noise *Drain Str+8} (You found it on level 2 of the Lair of Beasts)
 14580 | Lair:2   | Acquired Kikubaaqudgha's fourth power
 15029 | Lair:2   | Noticed a four-headed hydra
 15050 | Lair:2   | Killed a four-headed hydra
 15271 | Lair:3   | Found a hole to the Spider Nest.
 15450 | Lair:3   | Noticed Snorg
 15480 | Lair:3   | Killed Snorg
 15536 | Lair:3   | Reached XP level 13. HP: 46/94 MP: 12/26
 15949 | Lair:3   | Learned a level 5 spell: Bolt of Draining
 15952 | Lair:3   | Learned a level 2 spell: Swiftness
 16046 | Lair:3   | Reached skill level 1 in Charms
 16415 | Lair:4   | Got a brightly glowing hand axe
 16859 | Lair:4   | Noticed Harold
 16879 | Lair:4   | Killed Harold
 18781 | Lair:6   | Found a staircase to the Swamp.
 19348 | Lair:7   | Found a staircase to the Slime Pits.
 19348 | Lair:7   | Found a viscous altar of Jiyva.
 19408 | Lair:7   | Reached skill level 10 in Dodging
 19492 | Lair:7   | Reached skill level 10 in Spellcasting
 19952 | Lair:7   | Got a scorched platinum ring
 19954 | Lair:7   | Identified the ring of Fitas {+Fly rElec rPois rC- rN+++} (You found it on level 7 of the Lair of Beasts)
 20157 | Lair:7   | Reached skill level 5 in Fighting
 20215 | Lair:7   | Noticed Nessos
 20895 | Lair:8   | Entered Level 8 of the Lair of Beasts
 20915 | Lair:8   | Gained mutation: You have acidic saliva. [Yellow Draconian growth]
 20915 | Lair:8   | Reached XP level 14. HP: 102/107 MP: 28/28
 21217 | Lair:8   | Reached skill level 13 in Conjurations
 21998 | Temple   | Entered the Ecumenical Temple
 22114 | D:5      | Killed a centaur
 22146 | D:5      | Killed a centaur
 22308 | D:3      | Received a gift from Kikubaaqudgha
 23583 | D:10     | Learned a level 5 spell: Dispel Undead
 23597 | D:9      | Killed Fluffy's ghost
 23612 | D:10     | Killed a hill giant
 24406 | Lair:8   | Noticed a dire elephant
 24425 | Lair:8   | Reached skill level 14 in Conjurations
 24440 | Lair:8   | Killed a dire elephant
 24507 | Lair:8   | Learned a level 1 spell: Summon Butterflies
 24959 | Orc:1    | Entered Level 1 of the Orcish Mines
 25724 | Orc:1    | Found a roughly hewn altar of Beogh.
 25871 | Orc:3    | Found a staircase to the Elven Halls.
 25871 | Orc:3    | Noticed Nergalle
 25906 | Orc:3    | Noticed Urug
 25922 | Orc:3    | Killed Urug
 26790 | Orc:3    | Killed Nergalle
 27001 | Orc:4    | Entered Level 4 of the Orcish Mines
 27986 | Orc:4    | Noticed Donald
 28060 | Orc:4    | Killed Donald
 28060 | Orc:4    | Reached skill level 10 in Necromancy
 28342 | Orc:4    | Reached skill level 1 in Maces & Flails
 28730 | Orc:4    | Found a roughly hewn altar of Beogh.
 28746 | Orc:4    | Found Jazxifre's Antique Weapon Boutique.
 29006 | Orc:4    | Found Elaiwnib's Book Shop.
 29512 | Orc:4    | Noticed an orc warlord
 29617 | Orc:4    | Killed an orc warlord
 29617 | Orc:4    | Reached skill level 5 in Shields
 30080 | Orc:4    | Found Isiyv's General Store.
 30087 | Orc:4    | Bought a scroll of identify for 28 gold pieces
 30087 | Orc:4    | Bought a scroll of identify for 28 gold pieces
 30100 | Orc:4    | Found a roughly hewn altar of Beogh.
 30447 | Orc:4    | Reached XP level 15. HP: 113/113 MP: 25/29
 30801 | Orc:4    | Found Yriux's Antique Weapon Boutique.
 31728 | D:12     | Found a labyrinth entrance.
 31756 | Lab      | Entered a labyrinth
 32837 | D:12     | Found a corrupted altar of Lugonu.
 32849 | D:12     | Identified Lugonu's Incunabulum of Unholy Arts
 32941 | D:13     | Noticed Maud
 32953 | D:13     | Killed Maud
 32953 | D:13     | Reached skill level 5 in Maces & Flails
 34240 | D:14     | Found an opulent altar of Gozag.
 34401 | D:14     | Got a heavily runed turquoise ring
 34403 | D:14     | Identified the ring "Qoatzu" {Wiz Stlth+} (You took it off a kobold on level 14 of the Dungeon)
 34478 | D:14     | Noticed Kirke
 34530 | D:13     | You fall through a shaft!
 34530 | D:15     | Entered Level 15 of the Dungeon
 34618 | D:15     | Paralysed by a giant eyeball for 2 turns
 34647 | D:15     | Paralysed by a giant eyeball for 2 turns
 35255 | D:14     | Found a gate to the Vaults.
 36012 | Orc:4    | Bought a book of Necromancy for 540 gold pieces
 36185 | D:11     | Killed a hill giant
 36442 | Swamp:1  | Entered Level 1 of the Swamp
 38574 | Swamp:1  | Reached XP level 16. HP: 105/119 MP: 22/30
 38587 | Swamp:1  | Learned a level 3 spell: Regeneration
 38921 | Swamp:2  | Noticed Louise
 39259 | Swamp:1  | Killed Louise
 40293 | Swamp:3  | Reached skill level 10 in Shields
 40411 | Swamp:3  | Found a frozen archway.
 41165 | Swamp:3  | Reached skill level 10 in Maces & Flails
 42213 | Spider:1 | Entered Level 1 of the Spider Nest
 42239 | Spider:1 | Reached skill level 5 in Charms
 45403 | Spider:2 | Identified a scroll of acquirement
 46308 | Spider:2 | Noticed Roxanne
 46975 | Spider:3 | Noticed Jorgrun
 47309 | D:14     | Reached XP level 17. HP: 106/126 MP: 20/32
 47316 | D:14     | Reached skill level 15 in Conjurations
 47323 | D:14     | Got a ring of the Octopus King
 47325 | D:14     | Identified a ring of the Octopus King {rC+ AC+1 EV+1 Str+1 Int+1 Dex+1} (You took it off a tengu warrior on level 14 of the Dungeon)
 47537 | D:15     | Paralysed by a giant eyeball for 3 turns
 47757 | D:15     | Got a clouded bone ring
 47759 | D:15     | Identified the ring of Sloth {rC+++ Str-5 Int+3 Dex+2 Stlth+} (You took it off a boggart on level 15 of the Dungeon)
 47867 | D:15     | Found an opulent altar of Gozag.
 48282 | D:15     | Found a staircase to the Depths.
 48318 | D:15     | Paralysed by a giant eyeball for 4 turns
 48484 | D:14     | Killed Kirke
 49087 | D:15     | Found a radiant altar of Vehumet.
 49123 | D:15     | Got a transparent bone ring
 49125 | D:15     | Identified the ring "Lyrr" {+Fly Int+11 Slay+6} (You took it off a kobold demonologist on level 15 of the Dungeon)
 49532 | D:15     | Paralysed by a giant eyeball for 3 turns
 49595 | D:15     | Got a pitted cloak
 49606 | D:15     | Identified the +2 cloak of Responsibility {Str+3} (You found it on level 15 of the Dungeon)
 49855 | D:15     | Paralysed by a giant eyeball for 4 turns
 50143 | D:15     | Paralysed by a vampire knight for 4 turns
 50284 | D:15     | Found a white marble altar of Elyvilon.
 50321 | D:15     | Learned a level 5 spell: Cigotuvi's Embrace
 50485 | D:15     | Learned a level 2 spell: Repel Missiles
 50522 | Depths:1 | Entered Level 1 of the Depths
 50589 | Depths:1 | Found a gateway to Hell.
 51010 | Swamp:2  | Paralysed by a hornet for 4 turns
 51011 | Swamp:2  | HP: 6/128 [hornet[a shambling mangrove] (21)]
 51012 | Swamp:2  | Succumbed to a hornet's poison

Vault maps used:
D:1:      dpeg_arrival_tiny_h
D:2:      serial_glass, glass_columns_a, glass_columns_c, item_on_display_b,
          minmay_strange_pillars, feat_on_display, serial_bayou_pond_d
D:3:      nicolae_overflow_hidden_temple, ecumenical_altar_2, uniq_jessica
D:4:      grunt_qazlal_sundering
D:5:      temple_fountains, first_bread, uniq_crazy_yiuf_cottage
D:6:      yredelemnul_altar_generic
D:7:      nicolae_overflow_crystal_walls, fedhas_altar_1
D:10:     hangedman_ranch
D:11:     lair_0_dummy, erik_orc_2, enter_trove_5
D:12:     lab_entry_generic, minivault_25_ag, tgw_lugonu_bribe
D:13:     uniq_maud
D:14:     david_vaults_2, hangedman_abyss_or_decor_slice,
          grunt_gozag_breadcrumbs, uniq_kirke
D:15:     hangedman_spin_cycle
Temple:   circular_temple_13
Lair:2:   beast_lair_carwin_3, lemuel_fruit_fields
Lair:3:   dummy_spider_entry, ldierk_geyser, uniq_snorg
Lair:4:   uniq_harold
Lair:6:   swamp_mist_pool, infiniplex_staircase_pool_2
Lair:7:   slime_altar_1, st_stairs_11, nicolae_quartered_pool_little,
          beast_lair_carwin_7, infiniplex_staircase_pool, uniq_nessos
Lair:8:   grunt_lair_end_beastmaster
Swamp:1:  evilmike_swamp_ruin_house_1
Swamp:2:  evilmike_swamp_ruin_rubble_2, uniq_louise
Swamp:3:  portal_ice_cave_entry_ice_beasts, evilmike_swamp_ruin_rubble_1
Spider:2: spider_trap, worms_lemuel, uniq_roxanne
Spider:3: spider_trap, minivault_29, uniq_nikola, uniq_jorgrun
Orc:1:    basic_altar
Orc:3:    nicolae_orc_pool_cavern, uniq_nergalle, uniq_urug
Orc:4:    pubby_orc_utopia, serial_shops, uniq_donald
Depths:1: constructs_gauntlet_mu_hangedman, hangedman_coc_ice_floe,
          minmay_misc_feat_columns, kennysheep_generic_room_11, uniq_mara
Lab:      labyrinth_spiral, nicolae_lab_checkerboard, nicolae_lab_blocks,
          labyrinth_lava_lair, labyrinth_skeletal_remains

Action                   |  1- 3 |  4- 6 |  7- 9 | 10-12 | 13-15 | 16-18 || total
-------------------------+-------+-------+-------+-------+-------+-------++-------
Melee: Unarmed           |    11 |       |       |       |     9 |       ||    20
       Short sword       |    25 |   120 |   201 |       |       |       ||   346
       Dagger            |       |       |       |   203 |       |       ||   203
       Mace              |       |       |       |   126 |  1718 |  1026 ||  2870
Throw: Javelin           |       |       |    13 |       |       |       ||    13
 Cast: Flame Tongue      |    33 |   102 |   288 |   153 |       |       ||   576
       Throw Flame       |       |     2 |     4 |    36 |   146 |   130 ||   318
       Conjure Flame     |       |     2 |    12 |     7 |     5 |       ||    26
       Sublimation of Bl |       |       |    11 |       |    16 |     6 ||    33
       Sticky Flame      |       |       |     6 |    68 |   305 |   217 ||   596
       Vampiric Draining |       |       |       |     5 |    14 |    27 ||    46
       Fireball          |       |       |       |     3 |     6 |     2 ||    11
       Bolt of Draining  |       |       |       |       |    53 |     4 ||    57
       Dispel Undead     |       |       |       |       |     8 |    11 ||    19
       Summon Butterflie |       |       |       |       |     3 |       ||     3
       Regeneration      |       |       |       |       |       |     5 ||     5
       Repel Missiles    |       |       |       |       |       |     1 ||     1
Evoke: Wand              |       |     5 |     1 |       |       |       ||     6
       Phial of floods   |       |       |       |     1 |       |       ||     1
  Use: Scroll            |       |     8 |     5 |     7 |    27 |    14 ||    61
       Potion            |       |     2 |     1 |     1 |     6 |     4 ||    14
 Stab: Sleeping          |       |    10 |     1 |     6 |    16 |       ||    33
       Distracted        |       |       |       |       |     3 |     1 ||     4
       Confused          |       |       |       |       |       |     1 ||     1
       Held in net/web   |       |       |       |       |       |     1 ||     1
  Eat: Chunk             |     1 |    14 |    13 |    16 |    72 |    21 ||   137
       Bread ration      |       |       |     1 |     2 |     7 |     5 ||    15
       Fruit             |       |       |       |       |       |     3 ||     3
       Pizza             |       |       |       |       |       |     1 ||     1
